 Dungeon Crawl Stone Soup version 0.20.1-1-g8b1a95d (webtiles) character file.

105 Smithy the Poker (level 4, -7/45 HPs)
             Began as a Troll Berserker on Oct 27, 2017.
             Was a Priest of Trog.
             Mangled by a goblin
             ... wielding a +2 dagger of electrocution
              (13 damage)
             ... on level 3 of the Dungeon.
             The game lasted 00:05:27 (2187 turns).

Smithy the Poker (Troll Berserker)                  Turns: 2187, Time: 00:05:27

Health: -7/45      AC:  5    Str: 26    XL:     4   Next: 54%
Magic:  3/3        EV:  7    Int:  3    God:    Trog [***...]
Gold:   94         SH:  7    Dex:  9    Spells: 3/3 levels left

rFire    . . .     SeeInvis .   a - +0 spear
rCold    . . .     Gourm    +   l - +0 shield
rNeg     . . .     Faith    .   b - +0 animal skin
rPois    .         Spirit   .   (helmet restricted)
rElec    .         Reflect  .   (no cloak)
rCorr    .         Harm     .   (gloves unavailable)
MR       .....                  (boots unavailable)
Stlth    +.........             (no amulet)
Regen    0.6/turn               (no ring)
MPRegen  0.1/turn               (no ring)

@: no status effects
A: unfitting armour, claws 3, fast metabolism 3, gourmand, regeneration 1,
shaggy fur 1, tough skin 2
a: Berserk, Trog's Hand, Burn Spellbooks, Renounce Religion


You were on level 3 of the Dungeon.
You worshipped Trog.
Trog was most pleased with you.
You were completely stuffed.

You visited 1 branch of the dungeon, and saw 3 of its levels.

You collected 94 gold pieces.

Inventory:

Hand Weapons
 a - a +0 spear (weapon)
Armour
 b - a +0 animal skin (worn)
 l - a +0 shield (worn)
Scrolls
 d - a scroll of teleportation {unknown}
 e - a scroll of blinking {unknown}
 f - a scroll of enchant weapon {unknown}
 k - a scroll of identify {unknown}
 m - a scroll of fog {unknown}
 n - a scroll of remove curse {unknown}
 o - 2 scrolls of magic mapping {unknown}
Potions
 h - a potion of flight {unknown}
 i - a potion of brilliance {unknown}
Comestibles
 c - 4 bread rations
 g - 2 chunks of flesh
 j - a meat ration


   Skills:
 + Level 3.0 Fighting
 + Level 3.5 Polearms
 + Level 2.9 Dodging
 + Level 0.2 Stealth
 + Level 0.1 Shields


You had 3 spell levels left.
You didn't know any spells.

Dungeon Overview and Level Annotations

Branches:
Dungeon (3/15)

Altars:

Annotations:
D:2 1 runed door


Innate Abilities, Weirdness & Mutations

You are too large for most types of armour.
You have claws for hands.
Your metabolism is lightning-fast.
You like to eat raw meat.
Your natural rate of healing is unusually fast.
You are covered in fur. (AC +1)
You have very tough skin. (AC +2)


Message History

Attack whom?
Press: ? - help, Dir - move target cursor, f - goblin
Aim: a goblin, wielding a dagger of electrocution You reach to attack!
You barely miss the goblin. You block the goblin's attack.
Found a stone staircase leading down.
The goblin hits you but does no damage.
You are electrocuted!
You see here a royal jelly.
You completely miss the goblin.
The goblin hits you with a dagger of electrocution.
The goblin hits you with a dagger of electrocution.
You are electrocuted!
* * * LOW HITPOINT WARNING * * *
You are too injured to fight recklessly!
The goblin hits you but does no damage.
You are too injured to fight recklessly!
You are too injured to fight recklessly!
You closely miss the goblin. The goblin hits you but does no damage.
You are electrocuted!
You die...

# #...# # #. #...# ### #>
#...# #.. #..
#######...#####...
#.##................#
..###...%)..............#
#.......................#
#..##..#g#####...######.#
# #...#@# #...# . #.#.#.#
#>..# ## .....#.# #...#
... ....# #...#
..##.##### #.... .. .
...##.


You could see a goblin.

Vanquished Creatures
  3 adders (D:2)
  3 worms
  A dart slug (D:2)
  3 leopard geckos
  An orc (D:2)
  4 bats
  3 giant cockroaches
  6 goblins (D:1)
  7 hobgoblins
  7 jackals
  13 kobolds
  3 frilled lizards
  4 rats
58 creatures vanquished.

Notes
Turn   | Place    | Note
-------+----------+-------------------------------------------
     0 | D:1      | Smithy the Troll Berserker began the quest for the Orb.
     0 | D:1      | Reached XP level 1. HP: 22/22 MP: 0/0
   238 | D:1      | Reached XP level 2. HP: 27/29 MP: 1/1
   593 | D:1      | Reached ** piety under Trog
   817 | D:1      | Reached XP level 3. HP: 36/36 MP: 2/2
  1152 | D:2      | Found a faded altar of an unknown god.
  1303 | D:2      | Reached XP level 4. HP: 20/44 MP: 3/3
  1541 | D:2      | Found a runed door.
  2021 | D:3      | Reached *** piety under Trog
  2187 | D:3      | Mangled by a goblin

Skill      XL: |  1  2  3  4 |
---------------+-------------+-----
Polearms       | 3 |  3.5
Fighting       | 3 |  3.0
Dodging        | |  2.9
Stealth        | |  0.2
Shields        | |  0.1

Action                   |  1- 3 |  4- 6 || total
-------------------------+-------+-------++-------
Melee: Spear             |   183 |    69 ||   252
 Stab: Sleeping          |     1 |       ||     1
  Eat: Chunk             |    17 |     9 ||    26
Armor: Animal skin       |    79 |    15 ||    94
Dodge: Dodged            |   110 |    17 ||   127
Block: Shield            |       |    13 ||    13
